 Seeded DCSS version 0.32-a0-975-g85d4e5bfdb (webtiles) character file.

Game seed: 202404193 (custom seed)

574 Orlauf the Twirler (level 7, 0/66 HPs)
             Began as a Demonspawn Gladiator on Apr 19, 2024.
             Incinerated by a bombardier beetle (4 damage)
             ... with a burning spray
             ... on level 4 of the Dungeon.
             The game lasted 00:04:02 (3183 turns).

Orlauf the Twirler (Demonspawn Gladiator)           Turns: 3183, Time: 00:04:02

Health: 0/66       AC: 13    Str: 16    XL:     7   Next: 12%
Magic:  7/7        EV:  4    Int:  8    God:
Gold:   100        SH:  0    Dex: 15    Spells: 6/6 levels left

rFire   . . .        a - +0 quarterstaff (speed)
rCold   . . .        (shield currently unavailable)
rNeg    . . .        p - +0 plate armour
rPois   .            (helmet restricted)
rElec   .            (no cloak)
rCorr   .            (no gloves)
SInv    +            (no boots)
Will    .....        (no amulet) Stlth
                     i - ring of see invisible
HPRegen 0.31/turn    (no ring)
MPRegen 0.10/turn

%: no passive effects
@: on fire, glowing
A: antennae 1, yellow scales 2, robust 2
a: no special abilities


You were on level 4 of the Dungeon.
You visited 1 branch of the dungeon, and saw 4 of its levels.

You collected 100 gold pieces.

Inventory:

Hand Weapons
 a - a +0 quarterstaff of speed (weapon)
 l - a +0 quarterstaff
Missiles
 d - 4 throwing nets (quivered)
 e - a javelin
 f - 5 poisoned darts
Armour
 p - a +0 plate armour (worn)
Jewellery
 i - a ring of see invisible (left hand)
Wands
 m - a wand of flame (18)
Potions
 g - 2 potions of might
 h - a potion of brilliance
 j - 2 potions of lignification
 k - a potion of invisibility
 n - a potion of attraction


   Skills:
 + Level 4.8 Fighting
 * Level 6.3 Staves
 - Level 1.7 Throwing
 - Level 2.6 Dodging


You had 6 spell levels left.
You didn't know any spells.
Your spell library contained the following spells:

 Spells                   Type           Power      Damage    Failure   Level
 Summon Small Mammal      Summ           0%         N/A       100%        1
 Call Canine Familiar     Summ           0%         N/A       100%        3
 Dazzling Flash           Conj/Hex       0%         N/A       100%        3
 Summon Blazeheart Golem  Fire/Summ      0%         N/A       100%        4
 Starburst                Conj/Fire      0%         6d3       100%        6
 Fulsome Fusillade        Conj/Alch      0%         (3-5)d4   100%        8


Dungeon Overview and Level Annotations

Branches:
Dungeon (4/15)
 Temple: D:4-7

Altars:
Ru
Trog

Shops:
D:1 =

Annotations:
D:3 3 runed translucent doors, Biggs's ghost, amateur OpFi; KennySheep's ghost, amateur DEWn; sdfx's ghost, amateur GnRe


Innate Abilities, Weirdness & Mutations

You have a pair of small antennae on your head.
You are mostly covered in yellow scales. (AC +3)
You are very robust. (+20% HP)


Message History

The liquid fire burns you!
The bombardier beetle sprays incendiary fluid at you.
The burning spray hits you.
You are even more covered in liquid fire!
You hit the bombardier beetle.
The bombardier beetle is almost dead.
The liquid fire burns you!
You hit the bombardier beetle but do no damage.
The bombardier beetle is almost dead.
The liquid fire burns you!
* * * LOW HITPOINT WARNING * * *
The bombardier beetle sprays incendiary fluid at you.
The burning spray hits you.
You are even more covered in liquid fire!
You hit the bombardier beetle but do no damage.
The bombardier beetle is almost dead.
The liquid fire burns you!
* * * LOW HITPOINT WARNING * * *
Okay, then.
You hit the bombardier beetle but do no damage.
The bombardier beetle is almost dead.
The liquid fire burns you!
* * * LOW HITPOINT WARNING * * *
The bombardier beetle bites you but does no damage.
You sock the bombardier beetle!
You kill the bombardier beetle!
The liquid fire burns you!
* * * LOW HITPOINT WARNING * * *
You shake off some of the fire as you move.
The liquid fire burns you!
* * * LOW HITPOINT WARNING * * *
You shake off some of the fire as you move.
The liquid fire burns you!
* * * LOW HITPOINT WARNING * * *
Things that are here:
a +0 club; 2 stones; a kobold corpse
Okay, then.
You shake off some of the fire as you move.
The liquid fire burns you!
You die...

# #.....+....... #
#.#####....... #
#...[..#+###### #
######........# # #### ..
#...####.#.#
...########.#....###.#.#
................).......
##..###..........###.##.#..
###..##.........@).!.......
####).#.......###.#.###.#.
....).+.......# #..........
#######........ #.#.###.#..
..# ....... ...#.#[#.# ..#
..... ##..#.###.# ..#
#.......... #.#
##.#.###.#.. #.# ... ....


There were no monsters in sight!

Vanquished Creatures
  Sigmund (D:2)
  4 bombardier beetles
  An orc priest (D:4)
  An iguana (D:4)
  2 orc wizards (D:4)
  Ijyb (D:3)
  8 adders
  2 ribbon worms
  7 orcs
  7 bats
  6 endoplasms
  4 giant cockroaches
  3 goblins
  4 hobgoblins (D:3)
  A jackal (D:3)
  3 kobolds
  3 quokkas
  6 ball pythons
  7 frilled lizards
  6 rats
77 creatures vanquished.

Vanquished Creatures (others)
  A rat (D:2)
1 creature vanquished.

Grand Total: 78 creatures vanquished

Notes
Turn   | Place    | Note
-------+----------+-------------------------------------------
     0 | D:1      | Orlauf the Demonspawn Gladiator began the quest for the
                  | Orb.
     0 | D:1      | Reached XP level 1. HP: 16/16 MP: 1/1
    83 | D:1      | Reached skill level 3 in Staves
   115 | D:1      | Gained mutation: You are partially covered in yellow
                  | scales. (AC +2) [demonic ancestry]
   115 | D:1      | Reached XP level 2. HP: 20/22 MP: 2/2
   398 | D:1      | Found Jekapn's Jewellery Shoppe.
   975 | D:2      | Gained mutation: You are mostly covered in yellow scales.
                  | (AC +3) [demonic ancestry]
   975 | D:2      | Reached XP level 3. HP: 28/28 MP: 3/3
  1013 | D:2      | Reached skill level 4 in Staves
  1013 | D:2      | Reached XP level 4. HP: 35/35 MP: 4/4
  1117 | D:2      | Noticed Sigmund
  1124 | D:2      | Gained mutation: You expend magic power (3 MP) to
                  | strengthen your wands. [potion of mutation]
  1124 | D:2      | Gained mutation: Your spells are a little harder to cast,
                  | but a little more powerful. [potion of mutation]
  1134 | D:2      | Killed Sigmund
  1135 | D:2      | Reached skill level 5 in Staves
  1135 | D:2      | Reached XP level 5. HP: 32/42 MP: 5/5
  1531 | D:2      | Found a sacrificial altar of Ru.
  1633 | D:2      | Lost mutation: Your spells are a little harder to cast, but
                  | a little more powerful. [potion of mutation]
  1633 | D:2      | Lost mutation: You expend magic power (3 MP) to strengthen
                  | your wands. [potion of mutation]
  1633 | D:2      | Gained mutation: You have a somewhat thin skeletal
                  | structure. (Dex +2, Stealth+) [potion of mutation]
  1633 | D:2      | Lost mutation: You have a somewhat thin skeletal structure.
                  | (Dex +2, Stealth+) [potion of mutation]
  1633 | D:2      | Gained mutation: You are robust. (+10% HP) [potion of
                  | mutation]
  1633 | D:2      | Gained mutation: You are very robust. (+20% HP) [potion of
                  | mutation]
  1762 | D:3      | Reached XP level 6. HP: 48/57 MP: 6/6
  2238 | D:3      | Noticed Ijyb
  2249 | D:3      | Killed Ijyb
  2283 | D:3      | Found a bloodstained altar of Trog.
  2292 | D:3      | Found a runed translucent gate.
  2336 | D:3      | Found a runed translucent gate.
  2336 | D:3      | Found a runed translucent gate.
  2340 | D:3      | Noticed sdfx's ghost (amateur GnRe)
  2340 | D:3      | Noticed Biggs's ghost (amateur OpFi)
  2340 | D:3      | Noticed KennySheep's ghost (amateur DEWn)
  2938 | D:4      | Reached skill level 6 in Staves
  3042 | D:4      | Gained mutation: You have a pair of small antennae on your
                  | head. [demonic ancestry]
  3042 | D:4      | Reached XP level 7. HP: 36/66 MP: 7/7
  3183 | D:4      | Incinerated by a bombardier beetle

Illustrated notes

Levels and vault maps discovered:
D:1:      dpeg_arrival_rooms_c, layout_basic, serial_shops,
          nicolae_shop_advertising_works [nicolae_subvault_shop_adworks],
          chequers_serial_rivers_micro_b
D:2:      layout_basic, basic_altar, minmay_tromino_mix6, uniq_sigmund
D:3:      minmay_chambers_of_twos, layout_basic, trog_book,
          gammafunk_ghost_cemetery, kennysheep_path_1, st_stairs_6,
          minmay_misc_feat_four_crosses, minivault_5, minmay_checkerbox,
          uniq_ijyb
D:4:      layout_basic, mainiacjoe_overflow_alcove_4,
          mainiacjoe_overflow_small_starburst, minmay_temple_entry_fiery,
          minmay_surrounded

Skill      XL: |  1  2  3  4  5  6 |
---------------+-------------------+-----
Staves         | 3 4 5 6 |  6.3
Fighting       | 3 4 |  4.8
Throwing       | |  1.7
Dodging        | |  2.6

Action                     |  1- 3 |  4- 6 |  7- 9 || total
---------------------------+-------+-------+-------++-------
  Melee: Quarterstaff      |    68 |   180 |    26 ||   274
  Throw: Throwing net      |       |     1 |       ||     1
    Use: Scroll            |     2 |     6 |       ||     8
         Potion            |       |     4 |       ||     4
 Armour: Leather armour    |    39 |    25 |       ||    64
         Ring mail         |       |    33 |       ||    33
         Plate armour      |       |    54 |    11 ||    65
  Dodge: Dodged            |    47 |    63 |     3 ||   113

Table legend: (Time is in decaauts)
 A = Elapsed time spent in this place.
 B = Non-inter-level travel time spent in this place.
 C = Inter-level travel time spent in this place.
 D = Time resting spent in this place.
 E = Time spent auto-exploring this place.
 F = Levels seen in this place.
 G = Mean time per level.
                   A        B        C        D        E       F      G
               +--------+--------+--------+--------+--------+-----+--------+
         Total |   3142 |   3093 |     49 |    212 |   2332 |   4 |  785.5 |
       Dungeon |   3142 |   3093 |     49 |    212 |   2332 |   4 |  785.5 |
               +--------+--------+--------+--------+--------+-----+--------+

Top non-repeatable levels by time:
     D:3: 1118 daAuts
     D:2: 893 daAuts
     D:1: 759 daAuts
     D:4: 372 daAuts
